 Dungeon Crawl Stone Soup version 0.18.1-48-g4cf74bf (webtiles) character file.

109 meme the Grave Robber (level 4, -10/30 HPs)
             Began as a Mummy Necromancer on July 11, 2016.
             Was an Initiate of Gozag.
             Mangled by junkhipster's ghost (13 damage)
             ... on level 3 of the Dungeon.
             The game lasted 00:18:35 (1366 turns).

meme the Grave Robber (Mummy Necromancer)           Turns: 1366, Time: 00:18:35

Health: -10/30     AC:  5    Str: 11    XL:     4   Next: 60%
Magic:  8/8        EV: 12    Int: 15    God:    Gozag
Gold:   145        SH:  0    Dex: 12    Spells: 1 memorised, 8 levels left

rFire  x . .     SeeInvis .     k - +1 hand axe (freeze)
rCold  + + .     Gourm    .     a - +0 robe
rNeg   + + +     Faith    .     (no shield)
rPois  ∞         Spirit   .     (no helmet)
rElec  .         Dismiss  .     (no cloak)
rCorr  .         Reflect  .     (no gloves)
SustAt .         Harm     .     (no boots)
MR     .....                    (no amulet)
Stlth  ++........               c - ring of protection from cold
                                g - +3 ring of protection

@: not resistant to hostile enchantments, unstealthy
A: no food or potions, fire vulnerability, cold resistance 1, negative energy
resistance 3, torment resistance, unbreathing
a: Potion Petition, Call Merchant, Bribe Branch, Renounce Religion


You were on level 3 of the Dungeon.
You worshipped Gozag.
Gozag was noncommittal.
You were not hungry.

You visited 1 branch of the dungeon, and saw 3 of its levels.

You collected 168 gold pieces.
You paid 23 gold pieces to Gozag.

Inventory:

Hand Weapons
 d - a +1 spear
 k - a +1 hand axe of freezing (weapon)
Armour
 a - a +0 robe (worn)
 j - a +0 leather armour
Jewellery
 c - a ring of protection from cold (right hand)
 g - a +3 ring of protection (left hand)
Scrolls
 f - 2 scrolls of amnesia
 i - a scroll of teleportation {unknown}
 l - a scroll of identify
Books
 b - a book of Necromancy

   Spells                             Type                      Level
   a - Pain                           Necromancy                   1
   b - Animate Skeleton               Necromancy                   1
   c - Vampiric Draining              Necromancy                   3
   d - Regeneration                   Charms/Necromancy            3
   e - Animate Dead                   Necromancy                   4
   f - Control Undead                 Necromancy                   4


   Skills:
 + Level 0.2 Axes
 + Level 2.2 Dodging
 + Level 1.7 Stealth
 + Level 3.1 Spellcasting
 + Level 4.8 Necromancy


You had 8 spell levels left.
You knew the following spells:

 Your Spells              Type           Power        Failure   Level  Hunger
a - Pain                  Necr           ###.         2%          1    N/A

Dungeon Overview and Level Annotations

Branches:
Dungeon (3/15)

Altars:
Gozag
Zin

Annotations:
D:3 junkhipster's ghost, amateur GrFi


Innate Abilities, Weirdness & Mutations

You do not eat or drink.
Your flesh is vulnerable to fire.
You are immune to poison.
Your flesh is cold resistant.
You are immune to negative energy.
You are immune to unholy pain and torment.
You can survive without breathing.


Message History

Casting: Pain
Confirm with . or Enter, or press ? or * to list all spells.
Okay, then.
You need at least 400 gold to purchase potions right now!
Read which item? (? for menu, Esc to quit)
As you read the scroll labeled ZEQ TINOTIBY, it crumbles to dust.
You hear a loud clanging noise!
It was a scroll of noise.
Junkhipster's ghost hits you.
* * * LOW HITPOINT WARNING * * *
Read which item? (? for menu, Esc to quit)
As you read the scroll labeled DULI NICEITI, it crumbles to dust.
You feel aware of your surroundings.
It was a scroll of magic mapping.
Junkhipster's ghost keens inconsolably.
Junkhipster's ghost barely misses you.
Read which item? (? for menu, Esc to quit)
As you read the scroll labeled ONOLUC TOSUA, it crumbles to dust.
The scroll dissolves into smoke.
It was a scroll of fog.
Junkhipster's ghost hits you!
You die...
Your body crumbles into a pile of gold.

*,****,** ##'## * *,* ***
#.# * *,* #.# * *,* ##.##
* *$* ##...## * *,*
#.....# * *,*
###...####*******
*,########W§........,,,,,,
*,.....§§@#.#.######******
**########§##.# ####[# *.#
*.# *.# *,* ****** *,*
***,,,,, ************,*
**,*,****


You could see junkhipster's ghost.

Vanquished Creatures
  Ijyb (D:2)
  Terence (D:2)
  Robin (D:2)
  An ooze (D:1)
  A giant gecko (D:2)
  7 bats
  2 giant cockroaches
  12 goblins
  5 hobgoblins
  A ball python (D:2)
  2 giant newts
  5 kobolds
  4 rats (D:2)
43 creatures vanquished.

Vanquished Creatures (others)
  A hobgoblin (D:2)
1 creature vanquished.

Grand Total: 44 creatures vanquished

Notes
Turn   | Place    | Note
--------------------------------------------------------------
     0 | D:1      | meme the Mummy Necromancer began the quest for the Orb.
     0 | D:1      | Reached XP level 1. HP: 13/13 MP: 3/3
   277 | D:1      | Reached XP level 2. HP: 19/19 MP: 0/5
   733 | D:2      | Noticed Terence
   737 | D:2      | Reached XP level 3. HP: 23/24 MP: 0/6
   874 | D:2      | Killed Terence
   941 | D:2      | Found a glowing silver altar of Zin.
   942 | D:2      | Found an opulent altar of Gozag.
   962 | D:2      | Became a worshipper of Gozag Ym Sagoz the Greedy
  1109 | D:2      | Noticed Robin
  1126 | D:2      | Reached XP level 4. HP: 27/30 MP: 3/8
  1162 | D:2      | Killed Robin
  1190 | D:2      | Noticed Ijyb
  1254 | D:2      | Killed Ijyb
  1320 | D:3      | Noticed junkhipster's ghost (amateur GrFi)
  1366 | D:3      | Mangled by junkhipster's ghost

Skill      XL: |  1  2  3  4 |
---------------+-------------+-----
Dodging        | 2 |  2.2
Spellcasting   | 3 |  3.1
Axes           | |  0.2
Stealth        | |  1.7
Necromancy     | |  4.8

Action                   |  1- 3 |  4- 6 || total
-------------------------+-------+-------++-------
Melee: Spear             |    38 |       ||    38
       Hand axe          |    10 |     7 ||    17
 Cast: Pain              |    55 |    17 ||    72
Invok: Potion Petition   |     1 |       ||     1
  Use: Scroll            |     5 |     3 ||     8
 Stab: Sleeping          |     1 |       ||     1
       Invisible         |     2 |     2 ||     4
Armor: Robe              |    38 |     2 ||    40
Dodge: Dodged            |    56 |    13 ||    69
